Map: Neon Violet Square LE

Players

Scarlett - Winner!

  • Race: Zerg Zerg
  • League: Master
  • Spawn Location: 11:00

Ragnarok (SHIN)

  • Race: Zerg Zerg
  • League: Grandmaster
  • Spawn Location: 5:00

Event: Memes & Dreams Invitational

VOD

Have the link to the VOD?

Description

Time

  • Played on: April 13, 2018, 2:59 a.m.
  • Length: 6:29

All games in this series

Show
View Real Time Build Order
Export as new Build Order

Scarlett Zerg - Winner!

Build Orders: Hatch First, Zergling Baneling 

Get SALT Encoding   

  12  0:00  Drone  
  13  0:12  Overlord  
  13  0:17  Drone  
  14  0:30  Drone x2  
  14  0:34  Drone  
  17  0:52  Hatchery  
  17  0:55  Drone  
  17  0:58  Drone  
  18  1:04  Extractor  
  17  1:14  Spawning Pool  
  17  1:16  Drone  
  17  1:20  Drone  
  18  1:29  Drone  
  19  1:39  Drone  
  20  1:50  Drone  
  21  1:55  Evolution Chamber  
  21  2:00  Queen  
  22  2:03  Drone, Queen  
  22  2:04  Drone  
  26  2:10  Overlord  
  26  2:14  Drone  
  27  2:23  Drone  
  27  2:24  Zerg Ground Armor Level 1  
  28  2:31  Drone  
  28  2:33  Drone  
  30  2:38  Queen  
  30  2:41  Drone  
  33  2:45  Overlord  
  33  2:54  Drone x2  
  35  2:59  Drone, Metabolic Boost  
  36  3:08  Overlord  
  36  3:09  Drone x3  
  36  3:12  Drone  
  40  3:15  Zergling x4  
  42  3:20  Baneling Nest  
  42  3:24  Drone x2  
  43  3:30  Drone  
  43  3:32  Zergling x2  
  45  3:38  Zergling x2  
  46  3:43  Zergling x2  
  46  3:44  Zergling x6  
  46  3:47  Overlord x2  
  50  3:53  Zergling x4  
  52  4:03  Hatchery  
  52  4:04  Baneling x4  
  52  4:07  Extractor, Drone x2  
  52  4:08  Drone  
  53  4:11  Drone  
  54  4:20  Zergling x8  
  54  4:23  Zergling x6  
  61  4:28  Zergling x4  
  63  4:31  Zerg Melee Weapons Level 1  
  63  4:37  Overlord  
  61  4:46  Zergling x8  
  61  4:47  Baneling x3  
  64  4:54  Zergling x2  
  64  4:55  Zergling x4  
  64  4:56  Baneling  
  64  4:57  Baneling  
  64  4:58  Zergling x4  
  68  5:07  Baneling, Zergling x4  
  67  5:08  Baneling  
  67  5:14  Zergling x2  
  67  5:15  Zergling x6  
  67  5:16  Queen  
  67  5:19  Baneling x3  
  71  5:31  Baneling x2  
  71  5:33  Zergling x6  
  71  5:34  Zergling x6  
  77  5:39  Zergling x4, Hatchery  
  74  5:52  Baneling x3  
  74  5:55  Zergling x2  
  69  6:00  Zergling x4  
  69  6:01  Zergling x8  
  71  6:05  Zergling x4  
Show
View Real Time Build Order
Export as new Build Order

Ragnarok Zerg 

Build Orders: 3 Hatch before Pool, Zergling Baneling 

Get SALT Encoding   

  12  0:00  Drone  
  13  0:08  Drone  
  14  0:17  Overlord  
  14  0:22  Extractor  
  14  0:23  Drone  
  15  0:36  Drone x2  
  17  0:52  Hatchery  
  17  0:55  Drone  
  17  0:58  Drone  
  18  1:16  Drone  
  19  1:26  Hatchery  
  19  1:30  Extractor  
  17  1:36  Spawning Pool  
  17  1:39  Drone  
  17  1:42  Drone  
  17  1:46  Drone  
  19  1:51  Drone  
  20  2:05  Drone  
  20  2:06  Drone  
  22  2:24  Queen x2  
  22  2:29  Drone, Zergling x2  
  28  2:36  Metabolic Boost  
  28  2:38  Drone, Queen  
  28  2:43  Overlord  
  31  2:48  Drone  
  31  2:49  Drone  
  33  2:55  Baneling Nest  
  33  2:57  Drone  
  33  3:00  Drone  
  33  3:05  Zergling x2  
  35  3:07  Drone  
  35  3:10  Zergling x2  
  35  3:12  Overlord  
  37  3:19  Drone x3  
  39  3:23  Drone x2  
  41  3:29  Drone  
  43  3:34  Drone x4  
  43  3:36  Drone  
  43  3:38  Overlord  
  47  3:47  Drone  
  48  3:49  Drone x2  
  48  3:51  Overlord  
  48  3:54  Extractor  
  49  3:57  Zergling x2  
  49  3:58  Zergling x10  
  55  4:04  Overlord  
  55  4:05  Zergling x4  
  57  4:10  Zergling x8  
  57  4:11  Zergling x2  
  57  4:12  Baneling x3  
  61  4:17  Baneling x3  
  61  4:18  Baneling x3  
  61  4:21  Zergling x6  
  61  4:22  Zergling x2  
  65  4:26  Zergling x4  
  65  4:29  Overlord  
  67  4:32  Zergling x4  
  67  4:37  Zergling x8  
  73  4:41  Baneling x5  
  71  4:46  Zergling x6  
  71  4:49  Zergling x2  
  71  4:50  Zergling x2  
  71  4:52  Overlord  
  71  4:54  Zergling x4  
  73  5:01  Zergling x2  
  73  5:05  Zergling x4  
  65  5:09  Baneling x2  
  65  5:10  Baneling x4  
  65  5:11  Zergling x6  
  65  5:14  Roach Warren  
  67  5:18  Zergling x4  
  67  5:19  Baneling x2  
  67  5:20  Zergling x2  
  69  5:24  Zergling x2  
  69  5:27  Zergling x2  
  65  5:29  Zergling x2  
  65  5:30  Zergling x6  
  65  5:32  Zergling x6  
  70  5:35  Zergling x2  
  70  5:36  Queen  
  70  5:39  Zergling x4  
  65  5:43  Zergling x2  
  65  5:49  Drone x2  
  61  5:54  Zergling x2  
  61  5:56  Zergling x2  
  58  6:00  Zergling x2  
  58  6:01  Zergling x2  
  58  6:03  Drone, Zergling x2  
  57  6:05  Drone  
  57  6:06  Baneling x2  
  57  6:10  Zergling x2  
  57  6:11  Zergling x2  
Tags
 
Add a new tag
Caveats
  • Supply blocks, unpowered buildings, or Contaminate may cause inaccurate times.
  • Supply counts are checked every 10 seconds.